AoeStats
← Pollo

Hideout

508777533Analyzed
1v1 RM · 10d ago on Sep 24, 2026· 17m 33s· 2 players
Game mode
Random Map
Map size
Tiny (2 player)
Population
200
Speed
Normal
Resources
Standard
Victory
Conquest
Starting age
Dark Age
Ending age
Imperial Age
RankedLock teamsTeams togetherTeam positionsShared explorationLock speedFull tech treeHidden civsTurbo modeCheats
Victory
Defeat
🇨🇱 Varangians · Chile
989
+17
🇺🇸 Tatars · United States
1010
-17
Pollo
4:54 Loom
5:34 Loom
10:27 Feudal Age
11:18 Horse Collar
11:56 Double-Bit Axe
18:51 Castle Age
18:10 Scale Barding Armor
Phil
11:55 Feudal Age
15:50 Castle Age
16:32 Double-Bit Axe
17:40 Fletching
Connection lost

Rejoining the realm…

Still unreachable

The connection could not be restored.

Session expired

The server has moved on; the page needs a fresh start.